 Dungeon Crawl Stone Soup version 0.29.1-15-g9cfb28693d (webtiles) character file.

Game seed: 10670244296790141284

13038 sanboga the Severer (level 11, -4/104 HPs)
             Began as a Minotaur Berserker on Feb 28, 2023.
             Was a High Priest of Trog.
             Slain by a guardian serpent (11 damage)
             ... on level 2 of the Abyss.
             The game lasted 00:15:05 (11154 turns).

sanboga the Severer (Minotaur Berserker)           Turns: 11154, Time: 00:15:05

Health: -4/104     AC: 22    Str: 27    XL:     11   Next: 70%
Magic:  10/10      EV:  8    Int:  4    God:    Trog [*****.]
Gold:   124        SH:  0    Dex:  9    Spells: 10/10 levels left

rFire   + . .      SeeInvis .   b - +0 battleaxe (flame)
rCold   . . .      Faith    .   (shield currently unavailable)
rNeg    . . .      Spirit   .   m - +4 plate armour {rF+}
rPois   +          Reflect  .   (helmet restricted)
rElec   .          Harm     .   (no cloak)
rCorr   .          Rampage  .   (no gloves)
Will    .....                   G - +2 pair of boots {Fly}
Stlth   ..........              (no amulet)
HPRegen 0.27/turn               q - ring of poison resistance
MPRegen 0.12/turn               (no ring)

@: on berserk cooldown, flying, slowed, very slow
A: horns 2, retaliatory headbutt, hooves 1
a: Renounce Religion, Berserk, Trog's Hand, Brothers in Arms


You were on level 2 of the Abyss.
You worshipped Trog.
Trog was extremely pleased with you.
You visited 1 branch of the dungeon, and saw 9 of its levels.
You visited the Abyss 2 times.
You also visited: Ossuary and Bailey.

You collected 343 gold pieces.
You spent 219 gold pieces at shops.

Inventory:

Hand Weapons
 a - the +6 hand axe of Xom, Sheltering {vorpal, MP+9}
   (You found it on level 2 of the Dungeon)

   It inflicts extra damage upon your enemies.
   MP:        It affects your magic capacity (+9).
 b - a +0 battleaxe of flaming (weapon)
Armour
 m - a +4 plate armour of fire resistance (worn)
 G - a +2 pair of boots of flying (worn)
Jewellery
 q - a ring of poison resistance (left hand)
 y - a ring of ice
Wands
 c - a wand of polymorph (8)
 o - a wand of paralysis (13)
 s - a wand of roots (6)
 t - a wand of flame (25)
 u - a wand of quicksilver (6)
Scrolls
 d - 3 scrolls of fear
 g - a scroll of summoning
 h - 3 scrolls of fog
 n - 7 scrolls of teleportation
 w - 3 scrolls of enchant weapon
 D - 4 scrolls of blinking
Potions
 e - a potion of heal wounds
 f - a potion of resistance {unknown}
 i - 4 potions of might
 j - a potion of invisibility
 k - 4 potions of cancellation
 l - 2 potions of curing
 p - 2 potions of haste
 r - a potion of mutation
 v - 4 potions of ambrosia
 A - a potion of lignification {unknown}
 F - a potion of magic {unknown}


   Skills:
 + Level 11.9 Fighting
 * Level 16.1 Axes
 + Level 11.6 Armour
 - Level 2.1 Dodging


You had 10 spell levels left.
You didn't know any spells.
Your spell library was empty.

Dungeon Overview and Level Annotations

Branches:
Dungeon (9/15)             Temple (0/1) D:6            Lair (0/5) D:8
Ossuary (visited)          Bailey (visited)
    Orc: D:9-12

Altars:
Ashenzari
Cheibriados
Dithmenos
Gozag
Kikubaaqudgha
Makhleb
Ru
Trog
Wu Jian
Yredelemnul
The Shining One

Shops:
D:1 ?   D:5 [

Annotations:
D:9 Erolcha


Innate Abilities, Weirdness & Mutations

You have a pair of horns on your head.
You reflexively headbutt those who attack you in melee.
You have large cloven feet.


Message History

A lich and a red devil come into view.
The red devil is wielding a +1 demon trident of electrocution.
The lich shouts!
The orange demon stings you but does no damage.
The orange demon hits you.
* * * LOW HITPOINT WARNING * * *
You slice the orange demon!! You burn the orange demon.
You headbutt the orange demon!
The orange demon is severely wounded.
You slash the guardian serpent! You burn the guardian serpent!
The guardian serpent barely misses you.
The orange demon stings you but does no damage.
The orange demon hits you but does no damage.
The guardian serpent hits you!
* * * LOW HITPOINT WARNING * * *
The orange demon stings you but does no damage.
The orange demon hits you.
* * * LOW HITPOINT WARNING * * *
You barely miss the orange demon.
The orange demon is severely wounded.
You slash the guardian serpent! You burn the guardian serpent.
The guardian serpent hits you.
* * * LOW HITPOINT WARNING * * *
The lich casts a spell.
The lich flickers and vanishes!
Deactivating autopickup; reactivate with Ctrl-A.
The guardian serpent casts a spell at you.
The small abomination blinks!
The large abomination blinks!
The orange demon stings you but does no damage.
The orange demon hits you but does no damage.
A naga comes into view. It is wielding a +0 scimitar.
You hear some strange, mumbled words.
The naga shouts!
You slice the orange demon!! You burn the orange demon.
You kill the orange demon!
Trog accepts your kill.
You closely miss the guardian serpent. You barely miss the large abomination.
You hit the small abomination. You burn the small abomination.
The guardian serpent hits you!
You die...

.#.. #.##
#.#.##..#
##..#..###
###§..##
#..##..#
#....#..#
##.##..##
##X# ....#
#@x# .####
....4..S##
..
....{§§.#
..
..##.....
...
..#.... ##
...#N##..
... .# ..
.. .. #.#


You could see a large abomination, a guardian serpent, a red devil, a naga and a
small abomination.

Vanquished Creatures
  An eidolon (Abyss:1)
  A green death (Abyss:2)
  A hydra (D:9)
  2 thrashing horrors (Abyss:2)
  The ghost of mkat the Covert, a novice NaEn of Ashenzari (D:6)
  A sixfirhy (D:7)
  Pikel (D:6)
  An orc knight (Bailey)
  Maggie (D:6)
  An orange demon (Abyss:2)
  An ice devil (Abyss:2)
  3 polar bears (D:8)
  A flying skull (D:9)
  A large abomination (Abyss:1)
  A wraith (Abyss:1)
  12 yaks
  A neqoxec (Abyss:2)
  An unseen horror simulacrum (D:8)
  2 steam dragons (D:8)
  3 ice beasts
  6 orc warriors
  A black bear (D:5)
  An ogre (D:4)
  5 small abominations
  3 phantoms (D:6)
  2 lemures (D:6)
  4 kobold brigands
  2 necrophages
  A gnoll sergeant (D:7)
  2 scorpions
  A bullfrog (D:8)
  4 wights (D:7)
  5 killer bees (D:9)
  A troll zombie (Ossuary)
  3 electric eels (D:8)
  2 howler monkeys
  3 hounds
  A centaur zombie (Ossuary)
  3 orc priests
  A jelly (D:6)
  A gnoll bouda (D:5)
  Ijyb (D:3)
  7 orc wizards
  An iguana (D:5)
  3 ogre zombies (Ossuary)
  8 mummies
  25 gnolls
  8 adders
  A shadow imp (D:8)
  5 white imps
  2 ufetubi (D:8)
  3 adder zombies (Ossuary)
  4 worms
  3 dart slugs (D:1)
  28 orcs
  4 bats
  6 endoplasms
  3 giant cockroaches
  2 gnoll zombies (Ossuary)
  13 goblins
  14 hobgoblins
  2 jackals (D:2)
  38 kobolds
  4 quokkas
  7 ball pythons
  A frilled lizard (D:1)
  3 goblin zombies (Ossuary)
  9 hobgoblin zombies
  6 kobold zombies
  4 quokka zombies (Ossuary)
  3 rats
  2 rat zombies (Ossuary)
309 creatures vanquished.

Vanquished Creatures (others)
  5 golden eyes (Abyss:2)
  An orc wizard (D:9)
  A fungus (D:8)
  3 plants (D:8)
10 creatures vanquished.

Grand Total: 319 creatures vanquished

Notes
Turn   | Place    | Note
-------+----------+-------------------------------------------
     0 | D:1      | sanboga the Minotaur Berserker began the quest for the Orb.
     0 | D:1      | Reached XP level 1. HP: 19/19 MP: 0/0
    20 | D:1      | Reached skill level 4 in Axes
    21 | D:1      | Reached XP level 2. HP: 21/27 MP: 1/1
   677 | D:1      | Found Acuikluoma's Magic Scroll Shop.
   680 | D:1      | Bought a scroll of identify for 22 gold pieces
   912 | D:2      | Reached XP level 3. HP: 18/33 MP: 2/2
  1146 | D:2      | Found a faded altar of an unknown god.
  1300 | D:2      | Reached ** piety under Trog
  1456 | D:2      | Identified the +6 hand axe of Xom, Sheltering {vorpal,
                  | MP+9}
  1676 | D:2      | Reached XP level 4. HP: 40/40 MP: 3/3
  1813 | D:3      | Reached skill level 5 in Axes
  1814 | D:3      | Noticed Ijyb
  1816 | D:3      | Paralysed by Ijyb for 3 turns
  1825 | D:3      | Killed Ijyb
  2004 | D:3      | Identified the +8 sling of Eternal Harmony {venom, rCorr}
  2015 | D:3      | Reached XP level 5. HP: 31/47 MP: 4/4
  2428 | D:3      | Reached skill level 6 in Axes
  2656 | D:3      | Reached skill level 5 in Fighting
  2659 | D:3      | Reached *** piety under Trog
  2665 | D:3      | Reached XP level 6. HP: 56/56 MP: 5/5
  2693 | D:3      | Found a sacrificial altar of Ru.
  3107 | D:4      | Found a shadowy altar of Dithmenos.
  3154 | D:4      | Found a snail-covered altar of Cheibriados.
  3167 | D:4      | Found an ancient bone altar of Kikubaaqudgha.
  3171 | D:4      | Found an ornate altar of the Wu Jian Council.
  3403 | D:1      | Bought a scroll of magic mapping for 82 gold pieces
  3490 | D:4      | Reached skill level 7 in Axes
  3494 | D:4      | Reached XP level 7. HP: 62/62 MP: 6/6
  3625 | D:4      | Identified the +1 ring mail of the Bells {rElec rCorr
                  | Str+3}
  3711 | D:4      | Found a broken altar of Ashenzari.
  3716 | D:4      | Found a burning altar of Makhleb.
  3718 | D:4      | Found a bloodstained altar of Trog.
  3718 | D:4      | Found a basalt altar of Yredelemnul.
  3719 | D:4      | Found an opulent altar of Gozag.
  3724 | D:4      | Found a glowing golden altar of the Shining One.
  3962 | D:1      | Bought a scroll of teleportation for 33 gold pieces
  3996 | D:5      | Entered Level 5 of the Dungeon
  4031 | D:5      | Reached skill level 5 in Armour
  4268 | D:5      | Reached skill level 8 in Axes
  4641 | D:5      | Noticed a yak
  4641 | D:5      | Noticed a yak
  4643 | D:5      | Noticed a yak
  4643 | D:5      | Noticed a yak
  4643 | D:5      | Noticed a yak
  4644 | D:5      | Noticed a yak
  4648 | D:5      | Killed a yak
  4649 | D:5      | Reached XP level 8. HP: 71/71 MP: 7/7
  4650 | D:5      | Reached skill level 9 in Axes
  4658 | D:5      | Reached skill level 10 in Axes
  5019 | D:5      | Found Fitax's Antique Armour Boutique.
  5349 | D:6      | Noticed mkat's ghost (novice NaEn)
  5349 | D:6      | Found a runed translucent door.
  5353 | D:6      | Noticed Pikel
  5364 | D:6      | Killed Pikel
  5365 | D:6      | Reached XP level 9. HP: 81/81 MP: 8/8
  5370 | D:6      | Found a sand-covered staircase.
  5375 | Ossuary  | Entered an ossuary
  5526 | Ossuary  | Reached skill level 11 in Axes
  5664 | Ossuary  | Reached **** piety under Trog
  5966 | D:6      | Identified the +7 whip "Riacu" {protect, rCorr}
  6088 | D:6      | Found a staircase to the Ecumenical Temple.
  6252 | D:1      | Bought a scroll of enchant weapon for 82 gold pieces
  6353 | D:6      | Noticed Maggie
  6373 | D:6      | Killed Maggie
  6480 | D:6      | Reached skill level 12 in Axes
  6839 | D:6      | Reached ***** piety under Trog
  6951 | D:6      | Killed mkat's ghost
  6952 | D:6      | Reached XP level 10. HP: 91/91 MP: 9/9
  7021 | D:7      | Noticed a sixfirhy
  7022 | D:7      | Found a runed translucent door.
  7038 | D:7      | Killed a sixfirhy
  7327 | D:7      | Reached skill level 13 in Axes
  8103 | D:8      | Found a staircase to the Lair.
  8163 | D:8      | Reached skill level 10 in Fighting
  8209 | D:8      | Reached skill level 10 in Armour
  8215 | D:8      | Reached skill level 14 in Axes
  8239 | D:8      | Found a flagged portal.
  8245 | Bailey   | Entered a bailey
  8443 | Bailey   | Noticed an orc knight
  8744 | Bailey   | Killed an orc knight
  9057 | D:8      | Reached XP level 11. HP: 68/101 MP: 10/10
  9101 | D:8      | Received a gift from Trog
 10099 | D:9      | Noticed a six-headed hydra
 10106 | D:9      | Killed a three-headed hydra
 10107 | D:9      | Reached skill level 15 in Axes
 10309 | D:9      | Noticed Erolcha
 10330 | Abyss:1  | Cast into level 1 of the Abyss (Erolcha)
 10378 | Abyss:1  | Noticed a bone dragon
 10653 | Abyss:1  | Noticed an eidolon
 10667 | Abyss:1  | Killed an eidolon
 10669 | Abyss:1  | Noticed a starcursed mass
 10672 | D:9      | Escaped the Abyss
 10673 | D:9      | HP: 1/101 [Erolcha/+0 giant club (17)]
 10678 | D:9      | HP: 1/102 [Erolcha/+0 giant club (14)]
 10686 | D:9      | HP: 4/102 [something (18)]
 10692 | Abyss:2  | Cast into level 2 of the Abyss (Erolcha)
 10981 | Abyss:2  | Noticed a thrashing horror
 10984 | Abyss:2  | Noticed a thrashing horror
 11000 | Abyss:2  | Killed a thrashing horror
 11003 | Abyss:2  | HP: 4/102 [thrashing horror (3)]
 11004 | Abyss:2  | Killed a thrashing horror
 11134 | Abyss:2  | Noticed a green death
 11135 | Abyss:2  | Gained mutation: You have large cloven feet. [a neqoxec]
 11138 | Abyss:2  | Killed a green death
 11139 | Abyss:2  | Reached skill level 16 in Axes
 11151 | Abyss:2  | Noticed a lich
 11154 | Abyss:2  | Slain by a guardian serpent

Illustrated notes

Levels and vault maps discovered:
D:1:      matt_arrival_grand_opening, layout_basic, serial_shops,
          nicolae_shop_trees, minmay_tromino_v7
D:2:      layout_rooms, hellmonk_ecumenical_altar_crossroads, minivault_27,
          kennysheep_generic_room_6
D:3:      layout_loops_ring, lemuel_doored_altar, uniq_ijyb
D:4:      layout_basic, cheibriados_altar_1, minitemple,
          nicolae_dithmenos_the_darkroom, mainiacjoe_overflow_catwalk_spiral
D:5:      layout_layer_cave, serial_shops, nicolae_shop_hallway_stairs,
          minmay_parallelograms, minivault_19
D:6:      layout_loops_ring, minmay_temple_entry_antechambers,
          hellmonk_ghost_happy_afterlife, enter_ossuary_5, grunt_decor_cap,
          minmay_mini_ossuary, uniq_maggie, uniq_pikel
D:7:      cheibrodos_shockbox, layout_layer_cave
D:8:      layout_cave_pools, dpeg_oklobed_lair, enter_bailey_3, serial_ice,
          serial_ice_f, serial_ice_l, serial_ice_g, serial_ice_a
D:9:      layout_loops_corners, mainiacjoe_overflow_concentric_impassable,
          nicolae_qazlal_scattered_showers, minmay_tree_intersection,
          uniq_erolcha
Abyss:2:  base:
D:1

Skill      XL: |  1  2  3  4  5  6  7  8  9 10 11 |
---------------+----------------------------------+-----
Axes           | 4 5 6 7 8 10 12 14 16 | 16.1
Fighting       | 4 5 6 8 9 10 11 | 11.9
Armour         | 3 4 6 7 9 10 11 | 11.6
Dodging        | |  2.1

Action                   |  1- 3 |  4- 6 |  7- 9 | 10-12 || total
-------------------------+-------+-------+-------+-------++-------
Melee: Hand axe          |    77 |    98 |   228 |   222 ||   625
       Headbutt          |     8 |    15 |    52 |    49 ||   124
       Punch             |       |       |     2 |     2 ||     4
       Battleaxe         |       |       |       |    82 ||    82
Invok: Berserk           |       |     3 |     3 |     6 ||    12
  Use: Scroll            |     6 |     4 |     4 |     8 ||    22
       Potion            |       |       |       |     6 ||     6
Armor: Animal skin       |     4 |       |       |       ||     4
       Plate armour      |    39 |    39 |    99 |   196 ||   373
Dodge: Dodged            |    45 |    32 |    66 |   122 ||   265
